| TOP OF THE 1ST |
|
Arizona Diamondbacks batting - Pitching for San Diego Padres : LHP Julio Urias
|
|
Pitching: LHP Julio Urias
|
|
|
Batting: SHB Johnny McConnell
|
0-0: Called Strike 0-1: Ball 1-1: Fly out, F8 (Flyball, 8LM, EV 82.5 MPH)
|
|
Batting: RHB Phil Leighton
|
0-0: Ball 1-0: Ball 2-0: Swinging Strike 2-1: Fly out, F6 (Popup, 6, EV 63.8 MPH)
|
|
Batting: RHB Derek Briggs
|
0-0: Ball 1-0: Called Strike 1-1: Foul Ball, location: 5F 1-2: Ball 2-2: Strikes out swinging
|
| Top of the 1st over - 0 runs, 0 hits, 0 errors, 0 left on base; Arizona 0 - San Diego 0 |
| BOTTOM OF THE 1ST |
|
San Diego Padres batting - Pitching for Arizona Diamondbacks : RHP Danny Hatfield
|
|
Pitching: RHP Danny Hatfield
|
|
|
Batting: RHB Michael Choice
|
0-0: Ball 1-0: Called Strike 1-1: Ground out 5-3 (Groundball, 5, EV 83.8 MPH)
|
|
Batting: LHB Jeff Young
|
0-0: Ground out U3 (Groundball, 3, EV 100.6 MPH)
|
|
Batting: LHB Jamal Underwood
|
0-0: Called Strike 0-1: Fly out, F8 (Flyball, 8RXD, EV 112.5 MPH)
|
| Bottom of the 1st over - 0 runs, 0 hits, 0 errors, 0 left on base; Arizona 0 - San Diego 0 |
| TOP OF THE 2ND |
|
Arizona Diamondbacks batting - Pitching for San Diego Padres : LHP Julio Urias
|
|
Batting: RHB Brett Lawrie
|
0-0: Foul Ball, location: 23F 0-1: Swinging Strike 0-2: Ball 1-2: Strikes out swinging
|
|
Batting: RHB Josh Marshania
|
0-0: Ground out 6-3 (Groundball, 6M, EV 85.0 MPH)
|
|
Batting: RHB Ken Frazier
|
0-0: Called Strike 0-1: Swinging Strike 0-2: Ball 1-2: Strikes out looking
|
| Top of the 2nd over - 0 runs, 0 hits, 0 errors, 0 left on base; Arizona 0 - San Diego 0 |
| BOTTOM OF THE 2ND |
|
San Diego Padres batting - Pitching for Arizona Diamondbacks : RHP Danny Hatfield
|
|
Batting: SHB Tim McDaniel
|
0-0: Called Strike 0-1: Ball 1-1: Swinging Strike 1-2: Ground out 4-3 (Groundball, 4D, EV 94.4 MPH)
|
|
Batting: RHB Mike Hollingsworth
|
0-0: Called Strike 0-1: Ball 1-1: Ball 2-1: Fly out, F7 (Flyball, 7LS, EV 78.1 MPH)
|
|
Batting: LHB Jonathan Arauz
|
0-0: Called Strike 0-1: Fly out, F8 (Line Drive, 8RD, EV 96.3 MPH)
|
| Bottom of the 2nd over - 0 runs, 0 hits, 0 errors, 0 left on base; Arizona 0 - San Diego 0 |
| TOP OF THE 3RD |
|
Arizona Diamondbacks batting - Pitching for San Diego Padres : LHP Julio Urias
|
|
Batting: LHB Jorge Aguilar
|
0-0: Ball 1-0: Swinging Strike 1-1: Foul Ball, location: 7LMF 1-2: Fly out, F5 (Line Drive, 56, EV 81.9 MPH)
|
|
Batting: LHB Toshikuni Kondo
|
0-0: Ball 1-0: Ball 2-0: Swinging Strike 2-1: Foul Ball, location: 2F 2-2: Strikes out swinging
|
|
Batting: LHB Ron Hamilton
|
0-0: Called Strike 0-1: DOUBLE (Flyball, 7LD, EV 101.3 MPH)
|
|
Batting: SHB Johnny McConnell
|
0-0: Called Strike 0-1: Foul Ball, location: 7LMF 0-2: Fly out, F7 (Line Drive, 7, EV 94.4 MPH)
|
| Top of the 3rd over - 0 runs, 1 hit, 0 errors, 1 left on base; Arizona 0 - San Diego 0 |
| BOTTOM OF THE 3RD |
|
San Diego Padres batting - Pitching for Arizona Diamondbacks : RHP Danny Hatfield
|
|
Batting: RHB Shawn Grimes
|
0-0: Called Strike 0-1: Ball 1-1: Foul Ball, location: 2F 1-2: Foul Ball, location: 2F 1-2: Foul Ball, location: 25F 1-2: Foul Ball, location: 9LMF 1-2: Ball 2-2: Foul Ball, location: 9LDF 2-2: Strikes out swinging, 2-3 out at first.
|
|
Batting: RHB Tony Brune
|
0-0: Called Strike 0-1: Ball 1-1: Ball 2-1: Ground out 4-3 (Groundball, 4, EV 110.6 MPH)
|
|
Batting: RHB Galtero Scallini
|
0-0: Ball 1-0: Ground out 5-3 (Groundball, 56S, EV 81.3 MPH)
|
| Bottom of the 3rd over - 0 runs, 0 hits, 0 errors, 0 left on base; Arizona 0 - San Diego 0 |
| TOP OF THE 4TH |
|
Arizona Diamondbacks batting - Pitching for San Diego Padres : LHP Julio Urias
|
|
Batting: RHB Phil Leighton
|
0-0: Ball 1-0: Fly out, F8 (Line Drive, 89M, EV 86.9 MPH)
|
|
Batting: RHB Derek Briggs
|
0-0: Called Strike 0-1: Called Strike 0-2: Fly out, F9 (Flyball, 9LS, EV 89.4 MPH)
|
|
Batting: RHB Brett Lawrie
|
0-0: Ball 1-0: SINGLE (Groundball, 6MD, EV 100.0 MPH)
|
|
Batting: RHB Josh Marshania
|
0-0: Ball 1-0: Called Strike 1-1: Called Strike 1-2: Ball 2-2: Fly out, F6 (Popup, 6MS, EV 68.8 MPH)
|
| Top of the 4th over - 0 runs, 1 hit, 0 errors, 1 left on base; Arizona 0 - San Diego 0 |
| BOTTOM OF THE 4TH |
|
San Diego Padres batting - Pitching for Arizona Diamondbacks : RHP Danny Hatfield
|
|
Batting: RHB Michael Choice
|
0-0: Ball 1-0: Called Strike 1-1: Foul Ball, location: 2F 1-2: Ball 2-2: Foul Ball, location: 3F 2-2: Foul Ball, location: 2F 2-2: SINGLE (Flyball, 8RS, EV 93.1 MPH)
|
|
Batting: LHB Jeff Young
|
0-0: Called Strike 0-1: Fly out, F7 (Flyball, 7D, EV 103.1 MPH)
|
|
Batting: LHB Jamal Underwood
|
0-0: Fielders Choice at 2nd, 6-4 (Groundball, 6, EV 83.8 MPH)
|
|
Batting: SHB Tim McDaniel
|
0-0: Called Strike 0-1: Ball 1-1: Ball 2-1: Foul Ball, location: 9LMFF 2-2: Ball 3-2: SINGLE (Line Drive, 78S, EV 98.1 MPH) Jamal Underwood to second Jamal Underwood to third
|
|
Batting: RHB Mike Hollingsworth
|
0-0: Foul Ball, location: 3SF 0-1: Ball 1-1: Ball 2-1: Foul Ball, location: 2F 2-2: Ball 3-2: Strikes out looking
|
| Bottom of the 4th over - 0 runs, 2 hits, 0 errors, 2 left on base; Arizona 0 - San Diego 0 |
| TOP OF THE 5TH |
|
Arizona Diamondbacks batting - Pitching for San Diego Padres : LHP Julio Urias
|
|
Batting: RHB Ken Frazier
|
0-0: Called Strike 0-1: Ball 1-1: Foul Ball, location: 5F 1-2: Fly out, F8 (Line Drive, 8RD, EV 92.5 MPH)
|
|
Batting: LHB Jorge Aguilar
|
0-0: Swinging Strike 0-1: Ball 1-1: Ball 2-1: SINGLE (Line Drive, 78S, EV 100.6 MPH)
|
|
Batting: LHB Toshikuni Kondo
|
0-0: Ball 1-0: Fly out, F8 (Flyball, 8RM, EV 96.3 MPH)
|
|
Batting: LHB Ron Hamilton
|
0-0: Called Strike 0-1: Foul Ball, location: 2F 0-2: Ball 1-2: Ball 2-2: Strikes out looking
|
| Top of the 5th over - 0 runs, 1 hit, 0 errors, 1 left on base; Arizona 0 - San Diego 0 |
| BOTTOM OF THE 5TH |
|
San Diego Padres batting - Pitching for Arizona Diamondbacks : RHP Danny Hatfield
|
|
Batting: LHB Jonathan Arauz
|
0-0: Ball 1-0: Called Strike 1-1: Ball 2-1: Ball 3-1: Base on Balls
|
|
Batting: RHB Shawn Grimes
|
0-0: Ball 1-0: SINGLE (Groundball, 4D, EV 105.0 MPH) Jonathan Arauz to second Runner from 2nd tries for 3rd, SAFE, throw by CF made at trailing runner, OUT! 8-3-6
|
|
Batting: RHB Tony Brune
|
0-0: Called Strike 0-1: Ball 1-1: Foul Ball, location: 2F 1-2: Foul Ball, location: 2F 1-2: Strikes out swinging
|
|
Batting: RHB Galtero Scallini
|
0-0: Fly out, F4 (Popup, 34, EV 61.9 MPH)
|
| Bottom of the 5th over - 0 runs, 1 hit, 0 errors, 1 left on base; Arizona 0 - San Diego 0 |
| TOP OF THE 6TH |
|
Arizona Diamondbacks batting - Pitching for San Diego Padres : LHP Julio Urias
|
|
Batting: SHB Johnny McConnell
|
0-0: Called Strike 0-1: Ground out 4-3 (Groundball, 34, EV 83.8 MPH)
|
|
Batting: RHB Phil Leighton
|
0-0: Ball 1-0: Foul Ball, location: 2F 1-1: Called Strike 1-2: Foul Ball, location: 5FF 1-2: Foul Ball, location: 2RF 1-2: Ground out 6-3 (Groundball, 6M, EV 91.3 MPH)
|
|
Batting: RHB Derek Briggs
|
0-0: SOLO HOME RUN (Flyball, 89XD, EV 108.1 MPH), Distance : 410 ft
|
|
Batting: RHB Brett Lawrie
|
0-0: Swinging Strike 0-1: Foul Ball, location: 2F 0-2: Ball 1-2: Ball 2-2: DOUBLE (Flyball, 8RXD, EV 109.4 MPH)
|
|
Batting: RHB Josh Marshania
|
0-0: Called Strike 0-1: Swinging Strike 0-2: Foul Ball, location: 25FF 0-2: Ball 1-2: Ball 2-2: DOUBLE (Line Drive, 78D, EV 103.1 MPH) Brett Lawrie scores
|
|
Pitching: LHP Josh Hader
|
|
|
Batting: RHB Ken Frazier
|
0-0: Foul Ball, location: 5FF 0-1: Ball 1-1: Foul Ball, location: 25F 1-2: Ball 2-2: Ball 3-2: SINGLE (Groundball, 6MD, EV 108.8 MPH) Josh Marshania to third Throwing error, E8 Josh Marshania scores Ken Frazier to second
|
|
Batting: LHB Jorge Aguilar
|
0-0: Called Strike 0-1: Ball 1-1: Ground out U3 (Groundball, 3, EV 78.8 MPH)
|
| Top of the 6th over - 3 runs, 4 hits, 1 error, 1 left on base; Arizona 3 - San Diego 0 |
| BOTTOM OF THE 6TH |
|
San Diego Padres batting - Pitching for Arizona Diamondbacks : RHP Danny Hatfield
|
|
Batting: RHB Michael Choice
|
0-0: Ground out 5-3 (Groundball, 5L, EV 81.3 MPH)
|
|
Batting: LHB Jeff Young
|
0-0: Swinging Strike 0-1: Foul Ball, location: 7LMF 0-2: Ground out 6-3 (Groundball, 6, EV 105.6 MPH)
|
|
Batting: LHB Jamal Underwood
|
0-0: Fly out, F7 (Flyball, 78S, EV 87.5 MPH)
|
| Bottom of the 6th over - 0 runs, 0 hits, 0 errors, 0 left on base; Arizona 3 - San Diego 0 |
| TOP OF THE 7TH |
|
Arizona Diamondbacks batting - Pitching for San Diego Padres : LHP Josh Hader
|
|
Batting: LHB Toshikuni Kondo
|
0-0: Called Strike 0-1: Ball 1-1: Ball 2-1: Ground out 4-3 (Groundball, 4S, EV 87.5 MPH)
|
|
Batting: LHB Ron Hamilton
|
0-0: Ball 1-0: Ball 2-0: Foul Ball, location: 2F 2-1: Foul Ball, location: 2F 2-2: Fly out, F6 (Popup, 6M, EV 71.9 MPH)
|
|
Batting: SHB Johnny McConnell
|
0-0: Foul Ball, location: 7LMF 0-1: Ball 1-1: Ball 2-1: Ball 3-1: Ground out 6-3 (Groundball, P, EV 78.1 MPH)
|
| Top of the 7th over - 0 runs, 0 hits, 0 errors, 0 left on base; Arizona 3 - San Diego 0 |
| BOTTOM OF THE 7TH |
|
San Diego Padres batting - Pitching for Arizona Diamondbacks : RHP Danny Hatfield
|
|
Now at 2B: Derek Briggs
|
|
|
Now at 3B: Josh Marshania
|
|
|
Now at SS: Richard Urena
|
|
|
Batting: SHB Tim McDaniel
|
0-0: Ball 1-0: Ball 2-0: Called Strike 2-1: Foul Ball, location: 2F 2-2: Foul Ball, location: 2F 2-2: Foul Ball, location: 2F 2-2: Foul Ball, location: 7LSF 2-2: Ground out 4-3 (Groundball, 4, EV 78.8 MPH)
|
|
Pitching: RHP Dan Caine
|
|
|
Now at 2B: Richard Urena
|
|
|
Now at 3B: Derek Briggs
|
|
|
Now at SS: Christopher Torres
|
|
|
Batting: RHB Mike Hollingsworth
|
0-0: Swinging Strike 0-1: Called Strike 0-2: Strikes out swinging
|
|
Batting: LHB Jonathan Arauz
|
0-0: Foul Ball, location: 25F 0-1: Ball 1-1: Foul Ball, location: 3FF 1-2: Ball 2-2: Ball 3-2: Foul Ball, location: 7LSF 3-2: Ground out 6-3 (Groundball, 6MS, EV 87.5 MPH)
|
| Bottom of the 7th over - 0 runs, 0 hits, 0 errors, 0 left on base; Arizona 3 - San Diego 0 |
| TOP OF THE 8TH |
|
Arizona Diamondbacks batting - Pitching for San Diego Padres : LHP Josh Hader
|
|
Pitching: RHP Henry Hirsch
|
|
|
Batting: RHB Phil Leighton
|
0-0: Ball 1-0: Ball 2-0: Ball 3-0: Called Strike 3-1: SOLO HOME RUN (Flyball, 7D, EV 96.9 MPH), Distance : 370 ft
|
|
Batting: RHB Derek Briggs
|
0-0: Fly out, F9 (Flyball, 9S, EV 93.1 MPH)
|
|
Batting: LHB Richard Urena
|
0-0: Foul Ball, location: 7LDF 0-1: Ball 1-1: Called Strike 1-2: Ball 2-2: Fly out, F6 (Popup, 56, EV 74.4 MPH)
|
|
Batting: SHB Christopher Torres
|
0-0: Ball 1-0: Called Strike 1-1: Fly out, F6 (Popup, 6, EV 63.1 MPH)
|
| Top of the 8th over - 1 run, 1 hit, 0 errors, 0 left on base; Arizona 4 - San Diego 0 |
| BOTTOM OF THE 8TH |
|
San Diego Padres batting - Pitching for Arizona Diamondbacks : RHP Dan Caine
|
|
Pitching: RHP Dan Edwards
|
|
|
Batting: RHB Shawn Grimes
|
0-0: Ball 1-0: Called Strike 1-1: Foul Ball, location: 9LMF 1-2: Ball 2-2: Ground out 4-3 (Groundball, 4, EV 103.1 MPH)
|
|
Batting: RHB Tony Brune
|
0-0: Called Strike 0-1: Called Strike 0-2: Strikes out swinging
|
|
Batting: RHB Galtero Scallini
|
0-0: Ball 1-0: Foul Ball, location: 2F 1-1: Ball 2-1: Foul Ball, location: 2F 2-2: Foul Ball, location: 5F 2-2: Strikes out swinging
|
| Bottom of the 8th over - 0 runs, 0 hits, 0 errors, 0 left on base; Arizona 4 - San Diego 0 |
| TOP OF THE 9TH |
|
Arizona Diamondbacks batting - Pitching for San Diego Padres : RHP Henry Hirsch
|
|
Pitching: RHP Sam Scott
|
|
|
Batting: RHB Ken Frazier
|
0-0: Ball 1-0: Foul Ball, location: 25F 1-1: Swinging Strike 1-2: Foul Ball, location: 3F 1-2: Ball 2-2: Foul Ball, location: 3FF 2-2: Ball 3-2: Ground out 4-3 (Groundball, 4, EV 84.4 MPH)
|
|
Batting: LHB Jorge Aguilar
|
0-0: Ball 1-0: Foul Ball, location: 2F 1-1: Ground out 3-1 (Groundball, 34, EV 80.0 MPH)
|
|
Batting: LHB Toshikuni Kondo
|
0-0: Ball 1-0: Called Strike 1-1: Ball 2-1: Foul Ball, location: 2F 2-2: Foul Ball, location: 7LDF 2-2: Ball 3-2: Foul Ball, location: 2LF 3-2: Foul Ball, location: 23F 3-2: Ground out 4-3 (Groundball, 34D, EV 87.5 MPH)
|
| Top of the 9th over - 0 runs, 0 hits, 0 errors, 0 left on base; Arizona 4 - San Diego 0 |
| BOTTOM OF THE 9TH |
|
San Diego Padres batting - Pitching for Arizona Diamondbacks : RHP Dan Edwards
|
|
Batting: RHB Michael Choice
|
0-0: Swinging Strike 0-1: Foul Ball, location: 2F 0-2: Ball 1-2: Foul Ball, location: 23F 1-2: Ball 2-2: SINGLE (Line Drive, 34D, EV 98.1 MPH)
|
|
Batting: LHB Jeff Young
|
0-0: Called Strike 0-1: Fly out, F8 (Flyball, 8RM, EV 79.4 MPH)
|
|
Batting: LHB Jamal Underwood
|
0-0: Ball 1-0: Foul Ball, location: 23F 1-1: Fly out, F8 (Line Drive, 8LM, EV 91.3 MPH)
|
|
Batting: SHB Tim McDaniel
|
0-0: Foul Ball, location: 23F 0-1: Ball 1-1: Ball 2-1: Foul Ball, location: 7LDF 2-2: Strikes out swinging
|
| Bottom of the 9th over - 0 runs, 1 hit, 0 errors, 1 left on base; Arizona 4 - San Diego 0 |
|